 Dungeon Crawl Stone Soup version 0.19.1 (webtiles) character file.

19 esteth the Skirmisher (level 2, 24/24 HPs)
             Began as a Demonspawn Wanderer on Dec 22, 2016.
             Quit the game on level 1 of the Dungeon.
             The game lasted 00:02:13 (429 turns).

esteth the Skirmisher (Demonspawn Wanderer)          Turns: 429, Time: 00:02:14

Health: 24/24      AC:  6    Str: 11    XL:     2   Next: 55%
Magic:  2/2        EV:  8    Int: 13    God:
Gold:   45         SH:  0    Dex: 13    Spells: 0 memorised, 1 level left

rFire  . . .     SeeInvis .     a - +2 mace
rCold  . . .     Gourm    .     r - +0 scale mail
rNeg   . . .     Faith    .     (no shield)
rPois  .         Spirit   .     (helmet restricted)
rElec  .         Reflect  .     (no cloak)
rCorr  .         Harm     .     (no gloves)
MR     .....                    (no boots)
Stlth  ..........               (no amulet)
                                (no ring)
                                (no ring)

@: no status effects
A: horns 1
a: no special abilities


You were on level 1 of the Dungeon.
You were not hungry.

You visited 1 branch of the dungeon, and saw 1 of its levels.

You collected 45 gold pieces.

Inventory:

Hand Weapons
 a - a +2 mace (weapon)
Missiles
 e - 24 stones (quivered)
Armour
 d - a +0 robe
 g - a +0 ring mail
 r - a +0 scale mail (worn)
Wands
 c - a wand of random effects (15/48)
Scrolls
 h - a scroll of immolation {unknown}
 l - a scroll of remove curse {unknown}
 m - 2 scrolls of magic mapping {unknown}
 n - a scroll of enchant weapon {unknown}
 p - a scroll of recharging {unknown}
 q - a scroll of identify {unknown}
 s - a scroll of amnesia {unknown}
Potions
 b - a potion of lignification
 k - 3 potions of curing {unknown}
 t - a potion of agility {unknown}
Comestibles
 f - a bread ration
 i - 2 fruits
 j - a meat ration


   Skills:
 + Level 3.3 Fighting
 * Level 2.0 Maces & Flails
 - Level 1.0 Armour
 - Level 1.0 Stealth
   Level 2.0 Summonings
   Level 1.0 Fire Magic
 - Level 1.0 Evocations


You had one spell level left.
You didn't know any spells.

Dungeon Overview and Level Annotations

Branches:
Dungeon (1/15)

Altars:


Innate Abilities, Weirdness & Mutations

You have a pair of small horns on your head.


Message History

Some of the chunks of flesh in your inventory have rotted away.
All of the chunks of flesh in your inventory have rotted away.
You see here a throwing net.
A kobold comes into view. It is wielding a dagger.
The kobold shouts!
The kobold throws a stone.
The stone hits you but does no damage.
You see here a stone.
You hit the kobold.
You kill the kobold!
No target in view!
No target in view!
Things that are here:
a dagger; a kobold corpse
e - 24 stones (gained 1)
Things that are here:
a dagger; a kobold corpse
Things that are here:
a dagger; a kobold corpse A bat comes into view.
Are you sure you want to abandon this character and quit the game? (Confirm with "yes".)

##......#....#
#......####.## ##......# #.#
. ........# #.# .. ........#
#.### .... ........# #...#
#....###### ........# ###.#
#........># ........#
#.###.........#
........######)#@....#.....#
.............#............
...................P.P..#
.............#..........#
.)..................<...#
..........(.....#.......#
....##........###..P.P..#
....###.......####......####
.....##...............#....#


There were no monsters in sight!

Vanquished Creatures
  A dart slug (D:1)
  2 giant cockroaches (D:1)
  3 goblins (D:1)
  A hobgoblin (D:1)
  2 bats (D:1)
  2 frilled lizards (D:1)
  5 kobolds (D:1)
16 creatures vanquished.

Notes
Turn   | Place    | Note
-------+----------+-------------------------------------------
     0 | D:1      | esteth the Demonspawn Wanderer began the quest for the Orb.
     0 | D:1      | esteth set off with: a +2 mace, a potion of lignification, a wand of random effects (15/48), a +0 robe, a bread ration
     0 | D:1      | Reached XP level 1. HP: 18/18 MP: 1/1
   114 | D:1      | Gained mutation: You have a pair of small horns on your head. [demonic ancestry]
   114 | D:1      | Reached XP level 2. HP: 24/24 MP: 2/2
   429 | D:1      | Quit the game

Skill      XL: |  1  2 |
---------------+-------+-----
Maces & Flails | 2 |  2.0
Fighting       | |  3.3
Armour         | |  1.0
Stealth        | |  1.0
Summonings     | |  2.0
Fire Magic     | |  1.0
Evocations     | |  1.0

Action                   || total
-------------------------++-------
Melee: Mace              ||    36
       Headbutt          ||     1
Armor: Ring mail         ||     7
       Robe              ||     2
       Scale mail        ||    14
Dodge: Dodged            ||    11
